cohdb
Replays
Latest Replays
All Replays
Popular Replays
Top Player Replays
Match Explorer
How It Works
Community
CoH3 Stats
Reddit
Sign in to upload your games and track your stats! →
Sign in with Steam
Match 42740491
Unlisted
Match 42740491
Overview
Messages
Build Orders
End
Panzerpioneer Squad
Panzerpioneer Squad
Selects Panzerjäger Kommand Battlegroup
Selects Blockade Equipment
250 Light Carrier
Construct Light Support Kompanie
MG34 Team
Combat Half-tracks
Panzerjäger Squad
Panzerjäger Mechanized Group
Selects GrB 39 Grenade Launcher Requisition
Selects Crew Shock Tactics
Construct Mechanized Kompanie
Marder III Tank Destroyer
Sobeq
Worrom
shadow_warrior387
grimeroyal
Tok3n x Operator
King Bug$plat
admiral_gnar
A'lil _Off
0
0
Comments
sign in to comment!
No comments posted yet!